 Dungeon Crawl Stone Soup version 0.21.1-1-g345015f (webtiles) character file.

987 tidbits the Sneak (level 8, 7/58 HPs)
             Began as a Gnoll Enchanter on June 7, 2018.
             Quit the game on level 6 of the Dungeon.
             The game lasted 00:17:07 (1416 turns).

tidbits the Sneak (Gnoll Enchanter)                 Turns: 1416, Time: 00:17:08

Health: 7/58       AC:  2    Str: 11    XL:     8   Next: 18%
Magic:  8/16       EV: 24    Int: 26    God:
Gold:   104        SH:  0    Dex: 20    Spells: 7/18 levels left

rFire    . . .     SeeInvis .     - Unarmed
rCold    . . .     Gourm    .   (shield currently unavailable)
rNeg     . . .     Faith    .   (armour currently unavailable)
rPois    x         Spirit   .   (helmet currently unavailable)
rElec    .         Reflect  .   (cloak currently unavailable)
rCorr    .         Harm     .   (gloves currently unavailable)
MR       +....                  (boots currently unavailable)
Stlth    ++++......             (no amulet)
HPRegen  0.19/turn              i - +6 ring of intelligence
MPRegen  0.15/turn              o - ring of protection from magic

@: spider-form
A: tiny, distributed training, strong nose
a: End Transformation


You were on level 6 of the Dungeon.
You were not hungry.
You were a venomous arachnid creature.
You visited 1 branch of the dungeon, and saw 6 of its levels.

You collected 104 gold pieces.

Inventory:

Hand Weapons
 a - a +1 dagger (melded)
 e - a +0 scimitar of flaming
   (You took it off an orc warrior on level 6 of the Dungeon)
 f - a +0 hunting sling
 j - a -3 dagger
 k - a +0 trident
 m - a +0 shortbow
 q - a +0 trident
Missiles
 b - 9 stones (quivered)
 g - 40 arrows
 l - 38 sling bullets
 p - 2 tomahawks
Armour
 B - a +0 robe (melded)
 D - a +1 buckler of poison resistance (melded)
   (You found it on level 1 of the Dungeon)
 E - a +0 helmet (melded)
Jewellery
 i - a +6 ring of intelligence (left front leg)
   (You found it on level 3 of the Dungeon)
 o - a ring of protection from magic (right front leg)
   (You found it on level 5 of the Dungeon)
Wands
 r - a wand of flame (32)
Scrolls
 h - a scroll of blinking
Potions
 s - a potion of might {unknown}
Books
 d - a book of Maledictions

   Spells                             Type                      Level
   a - Corona                         Hexes                        1
   b - Ensorcelled Hibernation        Hexes/Ice                    2
   c - Confuse                        Hexes                        3
   d - Tukima's Dance                 Hexes                        3
   e - Dazzling Spray                 Conjuration/Hexes            3
 n - a book of Changes
   (You found it on level 4 of the Dungeon)

   Spells                             Type                      Level
   a - Beastly Appendage              Transmutation                1
   b - Sticks to Snakes               Transmutation                2
   c - Spider Form                    Transmutation/Poison         3
   d - Ice Form                       Ice/Transmutation            4
   e - Blade Hands                    Transmutation                5
Comestibles
 c - 8 rations


   Skills:
 + Level 3.0 Fighting
 + Level 4.0 Short Blades
 + Level 3.0 Long Blades
 + Level 3.0 Axes
 + Level 3.0 Maces & Flails
 + Level 3.0 Polearms
 + Level 3.0 Staves
 + Level 3.0 Slings
 + Level 3.0 Bows
 + Level 3.0 Crossbows
 + Level 3.0 Throwing
 + Level 3.0 Armour
 + Level 5.5 Dodging
 + Level 6.7 Stealth
 + Level 3.0 Shields
 + Level 3.0 Unarmed Combat
 + Level 5.8 Spellcasting
 + Level 2.4 Conjurations
 + Level 6.0 Hexes
 + Level 2.4 Charms
 + Level 2.4 Summonings
 + Level 2.4 Necromancy
 + Level 2.4 Translocations
 + Level 2.4 Transmutations
 + Level 2.4 Fire Magic
 + Level 2.4 Ice Magic
 + Level 2.4 Air Magic
 + Level 2.4 Earth Magic
 + Level 2.4 Poison Magic
 + Level 3.2 Invocations
 + Level 3.0 Evocations


You had 7 spell levels left.
You knew the following spells:

 Your Spells              Type           Power        Failure   Level  Hunger
a - Corona                Hex            #####..      3%          1    None
c - Confuse               Hex            #####...     8%          3    None
e - Ensorcelled Hibernat  Hex/Ice        ####..       8%          2    None
k - Sticks to Snakes      Tmut           ###.....     13%         2    None
p - Spider Form           Tmut/Pois      ###.......   21%         3    None


Dungeon Overview and Level Annotations

Branches:
Dungeon (6/15)
 Temple: D:4-7

Altars:
Ashenzari
Vehumet

Shops:
D:6 [


Innate Abilities, Weirdness & Mutations

Your experience applies equally to all skills.
((You have very sharp teeth.))
Your uncanny sense of smell can sniff out nearby items.


Message History

Casting: Ensorcelled Hibernation
Confirm with . or Enter, or press ? or * to list all spells.
Aiming: Ensorcelled Hibernation
Press: ? - help, Shift-Dir - straight line, f - orc warrior
Aim: an orc warrior, wielding a war axe and wearing a plate armour (chance to defeat MR: 57%)
The orc warrior looks drowsy...
The helpless orc warrior fails to defend itself.
You impale the orc warrior!! Your bite misses the orc warrior.
The orc warrior is almost dead.
Casting: Ensorcelled Hibernation
Confirm with . or Enter, or press ? or * to list all spells.
You miscast Spider Form.
You are very lightly contaminated with residual magic.
Nothing appears to happen.
The bullfrog misses you. You block the orc warrior's attack.
Casting: Spider Form
Confirm with . or Enter, or press ? or * to list all spells.
You turn into a venomous arachnid creature.
Your +1 dagger melds into your body.
Your +0 helmet melds into your body.
Your +1 buckler of poison resistance melds into your body.
Your +0 robe melds into your body.
You no longer feel resistant to poison.
The bullfrog misses you. The bullfrog completely misses you.
Unknown command.
You hit the orc warrior but do no damage.
The orc warrior is poisoned.
The orc warrior is almost dead.
The orc warrior closely misses you.
The orc wizard casts a spell.
The orc wizard flickers and vanishes!
The bullfrog completely misses you.
An orc comes into view. It is wielding a dagger.
An orc wizard comes into view. It is wielding a dagger.
You kill the orc warrior!
Your Hexes skill increases to level 6!
You have reached level 8!
You feel stronger.
An orc comes into view. It is wielding a whip of flaming.
The bullfrog misses you. The bullfrog closely misses you.
You see here a quokka corpse.
The bullfrog misses you. The bullfrog misses you. The bullfrog misses you.
You hit the bullfrog.
The bullfrog is poisoned.
The bullfrog is lightly wounded.
The bullfrog completely misses you.
You bite the bullfrog!
The bullfrog is heavily wounded.
The bullfrog hits you but does no damage.
The bullfrog misses you.
You bite the bullfrog!
The bullfrog looks as sick as possible!
The bullfrog is almost dead.
The bullfrog hits you.
You hit the bullfrog.
You kill the bullfrog!
Your Fighting skill increases to level 3!
Your Short Blades skill increases to level 4!
Your Long Blades skill increases to level 3!
Your Axes skill increases to level 3!
Your Maces & Flails skill increases to level 3!
Your Polearms skill increases to level 3!
Your Staves skill increases to level 3!
Your Slings skill increases to level 3!
Your Bows skill increases to level 3!
Your Crossbows skill increases to level 3!
Your Throwing skill increases to level 3!
Your Armour skill increases to level 3!
Your Shields skill increases to level 3!
Your Unarmed Combat skill increases to level 3!
Your Evocations skill increases to level 3!
You hit the ice beast.
The ice beast is lightly wounded.
The ice beast hits you.
* * * LOW HITPOINT WARNING * * *
The ice beast freezes you.
* * * LOW HITPOINT WARNING * * *
You completely miss the ice beast.
The ice beast is lightly wounded.
The ice beast closely misses you.
You hit the ice beast.
The ice beast is lightly wounded.
The ice beast closely misses you.
You hit the ice beast.
The ice beast is moderately wounded.
The ice beast barely misses you.
Your magical contamination has completely faded away.
You closely miss the ice beast.
The ice beast is moderately wounded.
The ice beast hits you.
* * * LOW HITPOINT WARNING * * *
The ice beast freezes you!
* * * LOW HITPOINT WARNING * * *
You hit the ice beast.
The ice beast is poisoned.
The ice beast is moderately wounded.
The ice beast misses you.
You hit the ice beast but do no damage.
The ice beast is moderately wounded.
The ice beast barely misses you.
You hit the ice beast but do no damage.
The ice beast is moderately wounded.
The ice beast completely misses you.
Are you sure you want to abandon this character and quit the game? (Confirm with "yes".)

. #..# #.### . #..#
##.# #..###..#
#..##..## #..##.#..##
##### #......######...#
#...##.#..##......#
...# ...##.##{.....# ##
###.##.sYoo....########
#######oo............
#.o....##...###
#...........#
##o...#.....###
#oo#####...o..
#..†..o.......
#....#...#....
#..†.)o..#...


You could see an ice beast, an orc wizard and 4 orcs.

Vanquished Creatures
  A slave (D:5)
  2 orc warriors (D:6)
  A necrophage (D:4)
  An ogre (D:6)
  A centaur (D:6)
  A bullfrog (D:6)
  A wyvern zombie (D:5)
  2 scorpions (D:6)
  A centaur skeleton (D:5)
  A hound (D:5)
  A jelly (D:6)
  3 orc priests
  An iguana (D:6)
  A worker ant (D:4)
  3 adders (D:3)
  2 shadow imps
  An adder skeleton (D:5)
  3 worms
  A dart slug (D:2)
  8 orcs
  A giant cockroach (D:1)
  3 goblins (D:3)
  3 hobgoblins
  4 jackals (D:5)
  2 quokkas
  A ball python (D:4)
  A ball python skeleton (D:5)
  4 bats
  2 frilled lizards
  9 kobolds
  3 rats
69 creatures vanquished.

Notes
Turn   | Place    | Note
-------+----------+-------------------------------------------
     0 | D:1      | tidbits the Gnoll Enchanter began the quest for the Orb.
     0 | D:1      | Reached XP level 1. HP: 13/13 MP: 6/6
   198 | D:2      | Reached XP level 2. HP: 8/19 MP: 7/7
   202 | D:2      | Learned a level 2 spell: Ensorcelled Hibernation
   346 | D:3      | Reached skill level 5 in Spellcasting
   346 | D:3      | Reached XP level 3. HP: 10/25 MP: 1/9
   379 | D:2      | Reached skill level 6 in Stealth
   427 | D:3      | Reached skill level 1 in Invocations
   508 | D:3      | Reached skill level 1 in Fighting
   508 | D:3      | Reached skill level 1 in Long Blades
   508 | D:3      | Reached skill level 1 in Axes
   508 | D:3      | Reached skill level 1 in Maces & Flails
   508 | D:3      | Reached skill level 1 in Polearms
   508 | D:3      | Reached skill level 1 in Staves
   508 | D:3      | Reached skill level 1 in Slings
   508 | D:3      | Reached skill level 1 in Bows
   508 | D:3      | Reached skill level 1 in Crossbows
   508 | D:3      | Reached skill level 1 in Throwing
   508 | D:3      | Reached skill level 1 in Armour
   508 | D:3      | Reached skill level 1 in Shields
   508 | D:3      | Reached skill level 1 in Unarmed Combat
   508 | D:3      | Reached skill level 1 in Evocations
   508 | D:3      | Reached XP level 4. HP: 17/32 MP: 3/11
   533 | D:3      | Reached skill level 1 in Conjurations
   533 | D:3      | Reached skill level 1 in Charms
   533 | D:3      | Reached skill level 1 in Summonings
   533 | D:3      | Reached skill level 1 in Necromancy
   533 | D:3      | Reached skill level 1 in Translocations
   533 | D:3      | Reached skill level 1 in Transmutations
   533 | D:3      | Reached skill level 1 in Fire Magic
   533 | D:3      | Reached skill level 1 in Ice Magic
   533 | D:3      | Reached skill level 1 in Air Magic
   533 | D:3      | Reached skill level 1 in Earth Magic
   533 | D:3      | Reached skill level 1 in Poison Magic
   572 | D:3      | Found a radiant altar of Vehumet.
   607 | D:3      | Reached XP level 5. HP: 31/37 MP: 12/12
   648 | D:5      | Entered Level 5 of the Dungeon
   712 | D:5      | Noticed a slave
   713 | D:5      | Noticed a slave
   733 | D:5      | Killed a slave
   746 | D:5      | Noticed a necrophage
   803 | D:4      | Killed a necrophage
   803 | D:4      | Reached skill level 3 in Short Blades
   803 | D:4      | Reached XP level 6. HP: 9/40 MP: 13/13
   809 | D:4      | Learned a level 3 spell: Confuse
   812 | D:4      | Learned a level 2 spell: Sticks to Snakes
   816 | D:4      | Learned a level 3 spell: Spider Form
   877 | D:5      | Reached skill level 2 in Invocations
   886 | D:6      | Reached skill level 2 in Fighting
   886 | D:6      | Reached skill level 2 in Long Blades
   886 | D:6      | Reached skill level 2 in Axes
   886 | D:6      | Reached skill level 2 in Maces & Flails
   886 | D:6      | Reached skill level 2 in Polearms
   886 | D:6      | Reached skill level 2 in Staves
   886 | D:6      | Reached skill level 2 in Slings
   886 | D:6      | Reached skill level 2 in Bows
   886 | D:6      | Reached skill level 2 in Crossbows
   886 | D:6      | Reached skill level 2 in Throwing
   886 | D:6      | Reached skill level 2 in Armour
   886 | D:6      | Reached skill level 5 in Dodging
   886 | D:6      | Reached skill level 2 in Shields
   886 | D:6      | Reached skill level 2 in Unarmed Combat
   886 | D:6      | Reached skill level 2 in Evocations
   949 | D:5      | Found a shattered altar of Ashenzari.
  1097 | D:5      | Reached XP level 7. HP: 41/50 MP: 15/15
  1242 | D:6      | Reached skill level 2 in Conjurations
  1242 | D:6      | Reached skill level 2 in Charms
  1242 | D:6      | Reached skill level 2 in Summonings
  1242 | D:6      | Reached skill level 2 in Necromancy
  1242 | D:6      | Reached skill level 2 in Translocations
  1242 | D:6      | Reached skill level 2 in Transmutations
  1242 | D:6      | Reached skill level 2 in Fire Magic
  1242 | D:6      | Reached skill level 2 in Ice Magic
  1242 | D:6      | Reached skill level 2 in Air Magic
  1242 | D:6      | Reached skill level 2 in Earth Magic
  1242 | D:6      | Reached skill level 2 in Poison Magic
  1243 | D:6      | HP: 5/51 [orc warrior/scimitar of flaming (13)]
  1312 | D:6      | Found Jiecs's Antique Armour Shoppe.
  1337 | D:6      | Reached skill level 3 in Invocations
  1393 | D:6      | Reached skill level 6 in Hexes
  1393 | D:6      | Reached XP level 8. HP: 33/57 MP: 4/16
  1407 | D:6      | Reached skill level 3 in Fighting
  1407 | D:6      | Reached skill level 4 in Short Blades
  1407 | D:6      | Reached skill level 3 in Long Blades
  1407 | D:6      | Reached skill level 3 in Axes
  1407 | D:6      | Reached skill level 3 in Maces & Flails
  1407 | D:6      | Reached skill level 3 in Polearms
  1407 | D:6      | Reached skill level 3 in Staves
  1407 | D:6      | Reached skill level 3 in Slings
  1407 | D:6      | Reached skill level 3 in Bows
  1407 | D:6      | Reached skill level 3 in Crossbows
  1407 | D:6      | Reached skill level 3 in Throwing
  1407 | D:6      | Reached skill level 3 in Armour
  1407 | D:6      | Reached skill level 3 in Shields
  1407 | D:6      | Reached skill level 3 in Unarmed Combat
  1407 | D:6      | Reached skill level 3 in Evocations
  1416 | D:6      | Quit the game

Skill      XL: |  1  2  3  4  5  6  7  8 |
---------------+-------------------------+-----
Spellcasting   | 5 |  5.8
Stealth        | 6 |  6.7
Invocations    | 1 2 3 |  3.2
Fighting       | 1 2 3 |  3.0
Long Blades    | 1 2 3 |  3.0
Axes           | 1 2 3 |  3.0
Maces & Flails | 1 2 3 |  3.0
Polearms       | 1 2 3 |  3.0
Staves         | 1 2 3 |  3.0
Slings         | 1 2 3 |  3.0
Bows           | 1 2 3 |  3.0
Crossbows      | 1 2 3 |  3.0
Throwing       | 1 2 3 |  3.0
Armour         | 1 2 3 |  3.0
Shields        | 1 2 3 |  3.0
Unarmed Combat | 1 2 3 |  3.0
Evocations     | 1 2 3 |  3.0
Conjurations   | 1 2 |  2.4
Charms         | 1 2 |  2.4
Summonings     | 1 2 |  2.4
Necromancy     | 1 2 |  2.4
Translocations | 1 2 |  2.4
Transmutations | 1 2 |  2.4
Fire Magic     | 1 2 |  2.4
Ice Magic      | 1 2 |  2.4
Air Magic      | 1 2 |  2.4
Earth Magic    | 1 2 |  2.4
Poison Magic   | 1 2 |  2.4
Short Blades   | 3 4 |  4.0
Dodging        | 5 |  5.5
Hexes          | 6 |  6.0

Action                   |  1- 3 |  4- 6 |  7- 9 || total
-------------------------+-------+-------+-------++-------
Melee: Dagger            |    61 |    67 |    19 ||   147
       Bite              |     4 |     6 |     1 ||    11
       Unarmed           |       |     9 |    26 ||    35
 Cast: Corona            |     9 |     1 |       ||    10
       Ensorcelled Hiber |    13 |     8 |    16 ||    37
       Confuse           |       |     4 |     2 ||     6
       Spider Form       |       |     1 |     2 ||     3
 Abil: End Transformatio |       |     1 |       ||     1
  Use: Scroll            |     3 |     2 |     1 ||     6
       Potion            |       |     1 |     2 ||     3
 Stab: Sleeping          |     8 |    20 |    12 ||    40
       Confused          |       |     2 |     1 ||     3
  Eat: Chunk             |       |     1 |     1 ||     2
Armor: Robe              |    11 |     2 |       ||    13
       Skin              |       |       |     4 ||     4
Dodge: Dodged            |    36 |    32 |    42 ||   110
Block: Buckler           |     9 |     9 |     3 ||    21

Table legend:
 A = Turns spent in this place as a percentage of turns spent in the entire game.
 B = Non-inter-level travel turns spent in this place as a percentage of non-inter-level travel turns spent in the entire game.
 C = Inter-level travel turns spent in this place as a percentage of turns spent in this place.
 D = Turns resting spent in this place as a percentage of non-inter-level travel turns spent in this place.
 E = Turns spent auto-exploring this place as a percentage of non-inter-level travel turns spent in this place.
 F = Non-inter-level travel turns spent in this place divided by the number of levels of this place that you've seen.
                   A       B       C       D       E      F
               +-------+-------+-------+-------+-------+----------------------
         Total | 100.0 | 100.0 |   3.5 |   0.0 |   0.0 | 227.7
       Dungeon | 100.0 | 100.0 |   3.5 |   0.0 |   0.0 | 227.7
               +-------+-------+-------+-------+-------+----------------------

Table legend:
 A = Kills in this place as a percentage of kills in entire the game.
 B = Kills by you in this place as a percentage of kills by you in the entire game.
 C = Kills by friends in this place as a percentage of kills by friends in the entire game.
 D = Other kills in this place as a percentage of other kills in the entire game.
 E = Experience gained in this place as a percentage of experience gained in the entire game.
 F = Experience gained in this place divided by the number of levels of this place that you have seen.
                   A       B       C       D       E      F
               +-------+-------+-------+-------+-------+----------------------
         Total | 100.0 | 100.0 |   N/A |   N/A | 100.0 | 235.0
       Dungeon | 100.0 | 100.0 |   N/A |   N/A | 100.0 | 235.0
               +-------+-------+-------+-------+-------+----------------------

Vault maps used:
D:1:      matt_arrival_refuge
D:3:      marbit_many_paths, tgw_trog
D:4:      nicolae_tso_besieged_by_evil, uniq_ijyb
D:5:      cheibrodos_thug_alley, basic_altar, serial_glass, glass_columns_a,
          glass_columns_a, glass_columns_a, glass_columns_c, glass_columns_c,
          first_ration, nicolae_ashenzari_panopticon, uniq_pikel
D:6:      serial_shops, kennysheep_little_box, hangedman_decor_lopped,
          nrook_uturn
